AoeStats
← Rafaelbdoo

Arabia

505522368Analyzed
1v1 RM · 24d ago on Sep 9, 2026· 73m 40s· 2 players
Game mode
Random Map
Map size
Tiny (2 player)
Population
200
Speed
Normal
Resources
Standard
Victory
Conquest
Starting age
Dark Age
Ending age
Imperial Age
RankedLock teamsTeams togetherTeam positionsShared explorationLock speedFull tech treeHidden civsTurbo modeCheats
Victory
Defeat
🇯🇵 Goths · Japan
657
+14
🇧🇷 Spanish · Brazil
604
-17
Rafaelbdoo
11:05 Feudal Age
11:37 Horse Collar
16:45 Loom
17:37 Bloodlines
20:26 Castle Age
20:48 Bloodlines
20:57 Scale Barding Armor
21:24 Double-Bit Axe
23:00 Light Cavalry
26:53 Wheelbarrow
26:57 Gold Mining
27:20 Bow Saw
28:44 Stone Mining
29:17 Heavy Plow
29:32 Fervor
30:57 Husbandry
31:54 Stone Shaft Mining
31:52 Sanctity
31:47 Redemption
32:07 Chain Barding Armor
31:51 Inquisition
32:29 Hand Cart
32:02 Loom
32:04 Town Watch
34:02 Murder Holes
34:19 Masonry
34:54 Pikeman
35:34 Squires
39:39 Imperial Age
37:12 Town Patrol
37:41 Forging
37:23 Fletching
37:39 Padded Archer Armor
39:26 Fortified Wall
39:38 Ballistics
39:49 Hussar
41:01 Illumination
40:57 Block Printing
41:08 Conscription
40:49 Halberdier
43:02 Supremacy
42:07 Elite Conquistador
44:32 Hoardings
44:48 Arson
45:43 Plate Barding Armor
45:45 Iron Casting
45:11 Scale Mail Armor
48:31 Two-Man Saw
48:05 Architecture
48:36 Chemistry
47:13 Sappers
47:22 Sappers
47:34 Capped Ram
47:36 Onager
49:15 Chain Mail Armor
50:00 Blast Furnace
48:51 Fletching
49:17 Leather Archer Armor
50:53 Cavalier
54:05 Man-at-Arms
54:59 Long Swordsman
55:47 Two-Handed Swordsman
56:42 Champion
Ronchan
1:34 Loom
15:18 Feudal Age
15:19 Man-at-Arms
17:52 Wheelbarrow
17:23 Horse Collar
18:14 Gold Mining
18:23 Double-Bit Axe
24:50 Castle Age
24:13 Scale Mail Armor
28:07 Heavy Plow
31:37 Hand Cart
30:51 Long Swordsman
31:33 Squires
32:03 Pikeman
32:58 Forging
33:04 Chain Mail Armor
35:32 Padded Archer Armor
35:23 Fletching
36:16 Iron Casting
36:58 Leather Archer Armor
37:08 Stone Mining
39:08 Anarchy
38:49 Crossbowman
38:54 Elite Skirmisher
43:20 Imperial Age
42:57 Bow Saw
43:18 Bodkin Arrow
43:27 Murder Holes
45:07 Blast Furnace
44:09 Bracer
44:40 Ring Archer Armor
43:36 Two-Handed Swordsman
44:37 Perfusion
44:30 Halberdier
45:59 Scale Barding Armor
47:23 Conscription
46:52 Champion
60:35 Crop Rotation
Connection lost

Rejoining the realm…

Still unreachable

The connection could not be restored.

Session expired

The server has moved on; the page needs a fresh start.